 Dungeon Crawl Stone Soup version 0.29.1-2-gbd0b4ee654 (webtiles) character file.

Game seed: 3568931569562944078

19 zeram the Sneak (level 2, -1/13 HPs)
             Began as a Spriggan Enchanter on Nov 18, 2022.
             Slain by a worm (7 damage)
             ... on level 2 of the Dungeon.
             The game lasted 00:01:27 (1404 turns).

zeram the Sneak (Spriggan Enchanter)                Turns: 1404, Time: 00:01:28

Health: -1/13      AC:  2    Str:  4    XL:     2   Next: 55%
Magic:  7/7        EV: 17    Int: 16    God:
Gold:   55         SH:  0    Dex: 15    Spells: 5/7 levels left

rFire   . . .      SeeInvis +   a - +1 dagger
rCold   . . .      Faith    .   (no shield)
rNeg    . . .      Spirit   .   b - +0 robe
rPois   .          Reflect  .   (helmet restricted)
rElec   .          Harm     .   (no cloak)
rCorr   .          Rampage  .   (gloves unavailable)
Will    .....                   (boots unavailable)
Stlth   +++.......              (no amulet)
HPRegen 0.04/turn               (no ring)
MPRegen 0.10/turn               (no ring)

@: very quick
A: very small, no large weapons, unfitting armour, see invisible, speed 3
a: no special abilities


You were on level 2 of the Dungeon.
You visited 1 branch of the dungeon, and saw 2 of its levels.

You collected 55 gold pieces.

Inventory:

Hand Weapons
 a - a +1 dagger (weapon)
 g - a +1 whip of electrocution
Armour
 b - a +0 robe (worn)
Scrolls
 d - 2 scrolls of identify
 e - a scroll of butterflies
Potions
 c - 2 potions of invisibility
 f - 2 potions of attraction


   Skills:
 + Level 0.1 Fighting
 + Level 1.1 Short Blades
 + Level 3.0 Dodging
 + Level 4.8 Stealth
 + Level 3.1 Spellcasting
 + Level 3.9 Hexes


You had 5 spell levels left.
You knew the following spells:

 Your Spells              Type           Power      Damage    Failure   Level
a - Ensorcelled Hibernat  Hex/Ice        16%        N/A       12%         2

Your spell library contained the following spells:

 Spells                   Type           Power      Damage    Failure   Level
 Confusing Touch          Hex            15%        N/A       11%         3
 Tukima's Dance           Hex            15%        N/A       11%         3
 Dazzling Flash           Conj/Hex       16%        N/A       24%         3


Dungeon Overview and Level Annotations

Branches:
Dungeon (2/15)

Altars:


Innate Abilities, Weirdness & Mutations

You are very small and have problems with some larger weapons.
You are too small for most types of armour.
You have supernaturally acute eyesight. (SInv)
You cover ground extremely quickly. (Speed+++)


Message History

The bat misses you.
A hobgoblin comes into view.
The worm barely misses you.
You hit the worm but do no damage.
The worm is heavily wounded.
The bat completely misses you.
You hit the worm.
The worm is severely wounded.
The bat closely misses you. The worm misses you.
You hit the worm.
The worm is severely wounded.
The bat completely misses you.
You hit the worm.
The worm is almost dead.
The bat hits you but does no damage. The bat hits you.
The worm barely misses you.
You are too injured to fight recklessly!
You are too injured to fight recklessly!
You are too injured to fight recklessly!
You are too injured to fight recklessly!
You are too injured to fight recklessly!
You are too injured to fight recklessly!
You are too injured to fight recklessly!
You are too injured to fight recklessly!
You are too injured to fight recklessly!
You are too injured to fight recklessly!
Unknown command.
You barely miss the worm.
The worm is almost dead.
The bat barely misses you.
You completely miss the worm.
The worm is almost dead.
The bat hits you but does no damage. The worm closely misses you.
The hobgoblin barely misses you.
Unknown command.
You hit the worm but do no damage.
The worm is severely wounded.
The bat barely misses you. The hobgoblin barely misses you. The worm bites you!
Ouch! That really hurt!
You die...

....##~# ~.
###......# ~..
##.......~#8.#
.........~#~~#.
.........~.~~~~
...........#.#
..........w....#
.... #b@...#
..... #..g..#
.....###.....# .
.............##..
.................
#..............
#............##
#......<.....#
#.)....#######


You could see a worm, a hobgoblin and a bat.

Vanquished Creatures
  A dart slug (D:1)
  3 ball pythons (D:1)
  An endoplasm (D:1)
  3 goblins (D:1)
  4 bats (D:1)
  A frilled lizard (D:1)
  3 kobolds (D:1)
  A rat (D:1)
17 creatures vanquished.

Notes
Turn   | Place    | Note
-------+----------+-------------------------------------------
     0 | D:1      | zeram the Spriggan Enchanter began the quest for the Orb.
     0 | D:1      | Reached XP level 1. HP: 9/9 MP: 5/5
   230 | D:1      | Reached XP level 2. HP: 8/13 MP: 7/7
   743 | D:1      | Learned a level 2 spell: Ensorcelled Hibernation
  1404 | D:2      | Slain by a worm

Illustrated notes

Levels and vault maps discovered:
D:1:      minmay_arrival_cross, layout_basic
D:2:      layout_basic, dreamdust_ecumenical_altar_drowned_temple

Skill      XL: |  1  2 |
---------------+-------+-----
Spellcasting   | 3 |  3.1
Dodging        | 3 |  3.0
Fighting       | |  0.1
Short Blades   | |  1.1
Stealth        | |  4.8
Hexes          | |  3.9

Action                   || total
-------------------------++-------
Melee: Dagger            ||    78
 Cast: Ensorcelled Hiber ||     1
  Use: Scroll            ||     2
 Stab: Sleeping          ||     6
Armor: Robe              ||    15
Dodge: Dodged            ||    82
